Map: Abiogenesis LE

Players

fruitcake

  • Race: Zerg Zerg
  • Spawn Location: 11:00

semirage - Winner!

  • Race: Protoss Protoss
  • League: Platinum
  • Spawn Location: 5:00

VOD

Have the link to the VOD?

Description

Time

  • Played on: May 9, 2018, 6:20 p.m.
  • Length: 18:11
Show
View Real Time Build Order
Export as new Build Order

fruitcake Zerg 

Build Orders: Pool First 

Get SALT Encoding   

  12  0:00  Drone  
  13  0:09  Drone  
  14  0:16  Overlord  
  14  0:30  Extractor  
  14  0:31  Drone  
  14  0:36  Drone  
  15  0:44  Spawning Pool  
  15  0:49  Drone  
  15  0:55  Drone  
  15  0:56  Drone  
  17  1:05  Drone  
  18  1:25  Hatchery  
  17  1:33  Queen  
  17  1:37  Drone  
  20  1:41  Zergling x2  
  21  1:47  Overlord  
  21  2:03  Zergling x2  
  21  2:05  Zergling x2  
  23  2:09  Queen  
  25  2:19  Drone  
  26  2:23  Drone, Extractor  
  26  2:33  Zergling x2  
  27  2:38  Drone  
  27  2:43  Drone x3  
  31  2:52  Drone  
  32  3:01  Zergling x6  
  35  3:11  Zergling x2  
  36  3:13  Overlord  
  35  3:36  Drone x2  
  35  3:38  Zergling x2  
  38  3:41  Lair  
  38  3:46  Evolution Chamber  
  38  3:48  Evolution Chamber  
  36  4:02  Zergling x4  
  38  4:07  Zergling x2  
  38  4:08  Hatchery  
  38  4:09  Overlord x2  
  38  4:22  Spore Crawler  
  37  4:25  Spore Crawler, Drone  
  37  4:26  Drone  
  38  4:34  Zerg Missile Weapons Level 1  
  38  4:40  Zerg Ground Armor Level 1, Hydralisk Den  
  38  4:41  Drone  
  38  4:53  Queen  
  38  4:57  Drone x2  
  42  5:00  Drone  
  42  5:03  Drone  
  44  5:10  Drone x2  
  44  5:13  Drone  
  47  5:17  Drone  
  48  5:22  Hydralisk  
  48  5:26  Drone  
  51  5:35  Extractor  
  50  5:36  Drone x2  
  50  5:37  Extractor  
  50  5:39  Drone x2  
  50  5:42  Grooved Spines  
  53  5:49  Hydralisk  
  55  5:50  Hydralisk  
  57  6:00  Drone x2  
  57  6:02  Hydralisk x2  
  63  6:09  Drone x2  
  65  6:19  Infestation Pit  
  65  6:20  Drone  
  65  6:22  Spire  
  64  6:28  Overlord  
  64  6:29  Overlord  
  64  6:40  Drone  
  64  6:46  Hydralisk x2  
  69  7:02  Hydralisk  
  69  7:03  Hydralisk x5  
  81  7:08  Extractor  
  81  7:15  Zergling x2  
  69  7:32  Zergling x2, Hydralisk x3  
  69  7:33  Zergling x10, Hydralisk x2  
  70  7:40  Hydralisk  
  70  7:41  Hydralisk  
  74  7:49  Hydralisk  
  76  7:52  Overlord  
  75  8:03  Zergling x2  
  76  8:30  Hatchery, Overlord  
  76  8:31  Overlord  
  76  8:32  Overlord x4  
  75  8:48  Hydralisk x2  
  75  8:49  Hydralisk x4  
  75  8:52  Hydralisk  
  87  9:04  Zerg Missile Weapons Level 2  
  87  9:30  Spore Crawler, Hydralisk x4  
  94  9:39  Mutalisk x2, Corruptor  
  100  9:47  Drone x2  
  100  9:48  Drone x2  
  104  9:53  Drone  
  102  10:26  Drone  
  102  10:27  Queen  
  105  10:30  Drone x3  
  108  10:35  Extractor  
  108  10:37  Drone x4  
  108  10:38  Drone x3, Extractor  
  108  10:40  Drone  
  114  10:47  Zerg Flyer Weapons Level 1  
  114  10:56  Overlord  
  114  10:57  Overlord  
  114  11:03  Queen, Infestor x3  
  122  11:17  Spore Crawler  
  121  11:19  Drone x2  
  121  11:20  Drone x3  
  121  11:21  Spore Crawler, Drone x4  
  129  11:33  Infestor x2  
  129  11:34  Infestor  
  135  11:42  Drone  
  136  11:58  Queen  
  138  12:02  Overlord x3  
  138  12:05  Zerg Ground Armor Level 2  
  138  12:12  Hive  
  138  12:18  Spore Crawler, Drone  
  138  12:21  Overlord x2  
  138  12:22  Overlord x2  
  138  12:24  Hydralisk x2  
  138  12:25  Corruptor  
  144  12:31  Pathogen Glands  
  144  12:41  Zerg Flyer Armor Level 1  
  144  12:42  Nydus Network  
  138  13:06  Drone  
  138  13:08  Drone x2  
  141  13:35  Hatchery  
  140  13:56  Corruptor  
  140  13:57  Corruptor, Hydralisk  
  140  13:58  Mutalisk, Corruptor, Hydralisk x3, Infestor x2  
  140  13:59  Hydralisk  
  162  14:11  Overseer  
  162  14:14  Overseer  
  162  14:41  Nydus Canal  
  162  14:55  Mutalisk, Hydralisk x2  
  162  14:56  Mutalisk, Corruptor, Hydralisk  
  169  15:14  Infestor  
  169  15:17  Infestor  
  173  15:48  Overseer x2  
  173  15:49  Overseer  
  173  15:50  Overseer  
  173  15:51  Overseer  
  172  16:01  Hydralisk x3  
  178  16:04  Overlord x5  
  178  16:05  Overlord x4  
  178  16:09  Overseer  
  178  16:10  Overseer  
  133  16:24  Hydralisk x4  
  133  16:25  Hydralisk x4  
  98  16:30  Hydralisk  
  98  16:31  Hydralisk  
  100  16:37  Hydralisk  
  100  16:43  Hydralisk x2  
  100  16:45  Zergling x6  
  107  17:04  Infestor x2  
  107  17:08  Zergling x4  
  112  17:09  Zergling x4  
  112  17:15  Infestor  
  117  17:30  Hydralisk  
  117  17:31  Hydralisk x2  
Show
View Real Time Build Order
Export as new Build Order

semirage Protoss - Winner!

Build Orders: 1 Gate Expand, Zealot Archon 

Get SALT Encoding   

  12  0:01  Probe  
  13  0:13  Probe  
  14  0:17  Pylon  
  14  0:25  Probe  
  15  0:33  Probe  
  15  0:41  Probe  
  16  0:44  Gateway  
  17  0:51  Probe  
  18  1:07  Gateway  
  18  1:25  Nexus  
  18  1:31  Zealot  
  20  1:43  Pylon  
  20  1:51  Assimilator  
  20  1:58  Zealot  
  22  2:04  Cybernetics Core  
  22  2:12  Forge  
  22  2:13  Probe  
  22  2:21  Probe  
  23  2:27  Assimilator  
  24  2:31  Probe  
  24  2:35  Probe  
  25  2:43  Probe  
  26  2:48  Adept  
  26  2:49  Adept  
  31  2:51  Probe  
  31  2:52  Probe  
  33  2:59  Shield Battery  
  33  3:01  Warp Gate  
  33  3:03  Probe  
  34  3:10  Pylon  
  34  3:14  Probe  
  35  3:23  Probe  
  35  3:26  Probe  
  36  3:33  Assimilator, Probe  
  37  3:38  Probe  
  37  3:39  Assimilator  
  39  3:41  Probe  
  40  3:50  Robotics Facility, Probe x2  
  42  4:02  Probe x2  
  44  4:09  Pylon  
  44  4:14  Probe x2  
  46  4:22  Protoss Ground Weapons Level 1  
  46  4:26  Probe  
  47  4:33  Nexus  
  47  4:35  Probe  
  48  4:38  Observer  
  48  4:43  Probe  
  49  4:46  Gateway  
  49  4:50  Gateway  
  50  4:53  Probe x2  
  52  5:01  Pylon  
  52  5:05  Probe  
  53  5:13  Warp Prism  
  55  5:17  Probe  
  55  5:22  Twilight Council  
  55  5:23  Pylon  
  55  5:26  Pylon  
  55  5:31  Stalker x2  
  59  5:44  Zealot  
  59  5:46  Zealot  
  63  5:51  Probe x3  
  63  5:57  Zealot x2  
  68  6:02  Pylon  
  68  6:03  Probe x3  
  73  6:04  Pylon  
  73  6:06  Templar Archives  
  73  6:11  Probe  
  73  6:12  Stargate  
  73  6:17  Probe  
  73  6:18  Probe  
  76  6:19  Probe  
  76  6:23  Assimilator  
  77  6:28  Pylon, Assimilator  
  77  6:30  Probe x2, Charge  
  79  6:44  High Templar  
  79  6:45  High Templar x3  
  87  6:49  Probe  
  87  6:53  Archon  
  88  7:01  Probe  
  89  7:07  Protoss Shields Level 1  
  89  7:11  Fleet Beacon  
  89  7:13  Probe  
  89  7:14  Probe  
  91  7:16  Stargate  
  91  7:17  Stargate  
  91  7:20  Pylon  
  91  7:23  Pylon  
  91  7:24  Archon  
  91  7:25  Probe  
  91  7:26  Probe  
  91  7:27  Zealot x4  
  85  7:37  Probe  
  85  7:38  Probe  
  85  7:42  Warp Prism  
  89  7:46  Probe  
  90  8:06  Nexus  
  90  8:07  Carrier x3  
  90  8:09  Pylon, Stalker x2  
  90  8:11  Pylon  
  94  8:14  Psionic Storm  
  94  8:18  Warp Prism  
  114  8:21  Cybernetics Core  
  114  8:35  Gateway  
  114  8:37  Gateway  
  114  8:42  Assimilator  
  114  8:43  Assimilator  
  114  8:44  Probe  
  114  8:45  Probe x2  
  117  8:48  Graviton Catapult  
  117  8:56  Probe  
  117  8:57  Probe x2  
  120  9:09  Probe x3  
  123  9:23  Probe  
  124  9:28  Protoss Air Weapons Level 1  
  124  9:30  Protoss Air Armor Level 1  
  124  9:33  Carrier x3  
  124  9:35  Probe  
  124  9:36  Stargate  
  143  9:39  Stargate  
  143  9:43  Pylon  
  143  9:46  Pylon  
  143  9:47  Probe  
  142  10:04  Zealot  
  142  10:05  Zealot x4  
  142  10:06  Zealot  
  154  10:10  Probe x4  
  154  10:22  Probe x3  
  147  10:29  Photon Cannon  
  147  10:31  Photon Cannon  
  147  10:33  Photon Cannon  
  147  10:34  Probe  
  147  10:35  Probe x2  
  150  10:37  Photon Cannon  
  150  10:38  Photon Cannon  
  150  10:39  Carrier x2  
  150  10:40  Photon Cannon  
  150  10:41  Shield Battery  
  150  10:43  Shield Battery  
  150  10:46  Shield Battery  
  156  10:56  Nexus  
  162  10:58  Pylon  
  162  11:01  Pylon  
  162  11:02  Pylon  
  162  11:03  Carrier x2  
  162  11:16  Protoss Air Weapons Level 2  
  174  11:22  Carrier, Protoss Air Armor Level 2  
  174  11:25  Observer  
  181  11:45  Photon Cannon  
  181  11:46  Photon Cannon, Observer  
  182  11:49  Photon Cannon  
  182  11:51  Photon Cannon  
  182  11:53  Shield Battery  
  182  11:58  Shield Battery  
  182  12:01  Assimilator  
  182  12:07  Assimilator  
  182  12:25  Warp Prism  
  184  12:30  Robotics Bay  
  184  12:33  Pylon  
  184  12:37  Pylon  
  171  13:02  High Templar  
  171  13:03  High Templar x3  
  171  13:04  High Templar x2  
  173  13:10  Gateway  
  173  13:12  Gateway  
  173  13:13  Gateway  
  173  13:16  Protoss Shields Level 2  
  173  13:17  Gateway  
  173  13:19  Gateway  
  173  13:21  Pylon  
  173  13:23  Pylon  
  173  13:24  Observer  
  174  13:29  Protoss Air Weapons Level 3  
  174  13:33  Protoss Air Armor Level 3  
  174  13:46  Observer  
  175  13:50  Forge  
  175  13:51  Forge  
  175  13:58  Nexus  
  175  14:00  Pylon  
  175  14:02  Pylon  
  175  14:05  High Templar x5, Assimilator  
  175  14:06  High Templar  
  175  14:09  Assimilator  
  187  14:17  High Templar  
  187  14:18  High Templar  
  191  14:24  High Templar x3  
  191  14:26  Protoss Ground Weapons Level 2  
  191  14:27  Protoss Ground Armor Level 1  
  191  14:29  Archon x2  
  191  14:30  Archon x2  
  197  14:32  Archon  
  197  14:38  High Templar  
  197  14:43  Archon  
  199  15:42  Pylon  
  199  15:46  Pylon  
  199  15:59  Photon Cannon  
  199  16:00  Photon Cannon  
  199  16:01  Photon Cannon  
  199  16:02  Photon Cannon  
  199  16:04  Photon Cannon  
  199  16:05  Photon Cannon  
  199  16:06  Photon Cannon  
  199  16:07  Photon Cannon  
  199  16:08  Shield Battery  
  199  16:09  Shield Battery  
  199  16:10  Shield Battery  
  199  16:13  Shield Battery  
  199  16:14  Shield Battery  
  155  16:28  High Templar  
  155  16:29  High Templar x3  
  155  16:30  High Templar x4  
  155  16:31  High Templar x3  
  177  16:38  Probe  
  178  16:46  Archon x4  
  178  16:47  Archon  
  178  17:02  High Templar x2  
  178  17:03  High Templar  
  178  17:04  Zealot x3  
  178  17:05  Zealot x3  
  178  17:06  Zealot  
  178  17:07  Zealot  
  200  17:44  Pylon, Nexus  
  200  17:47  Pylon  
  200  17:49  Pylon  
  200  17:54  Assimilator  
  198  17:59  Assimilator  
  198  18:01  Archon  
Tags
 
Add a new tag
Caveats
  • Supply blocks, unpowered buildings, or Contaminate may cause inaccurate times.
  • Supply counts are checked every 10 seconds.